 Dungeon Crawl Stone Soup version 0.29.0-4-gdea44cf6ec (webtiles) character file.

Game seed: 12839213566536939184

134 qw the Chopper (level 5, -4/30 HPs)
             Began as a Tengu Warper on Aug 28, 2022.
             Slain by Grinder (5 damage)
             ... on level 4 of the Dungeon.
             The game lasted 00:00:21 (3199 turns).

qw the Chopper (Tengu Warper)                       Turns: 3199, Time: 00:00:21

Health: -4/30      AC:  8    Str: 11 (13) XL:     5   Next: 17%
Magic:  9/9        EV:  6    Int: 11 (13) God:
Gold:   190        SH:  0    Dex: 13 (14) Spells: 8/8 levels left

rFire   . . .      SeeInvis .   Y - +0 hand axe
rCold   . . .      Faith    .   (no shield)
rNeg    . . .      Spirit   .   h - +0 chain mail
rPois   +          Reflect  .   (helmet restricted)
rElec   .          Harm     .   (no cloak)
rCorr   .          Rampage  .   (no gloves)
Will    .....                   (boots unavailable)
Stlth   ..........              (no amulet)
HPRegen 0.10/turn               g - ring of poison resistance
MPRegen 0.11/turn               (no ring)

@: flying quickly and evasively, quick
A: beak, talons 3, nimble flight
a: no special abilities


You were on level 4 of the Dungeon.
You visited 1 branch of the dungeon, and saw 4 of its levels.

You collected 190 gold pieces.


Innate Abilities, Weirdness & Mutations

You have a beak for a mouth.
You have claws for feet.
Your magical nature lets you fly swiftly and evasively.


   Skills:
 - Level 2.0 Fighting
 + Level 5.7 Axes
 - Level 1.0 Throwing
 - Level 1.1 Armour
 - Level 2.1 Dodging
 - Level 2.0 Spellcasting
 - Level 2.4 Translocations


You had 8 spell levels left.
You didn't know any spells.
Your spell library contained the following spells:

 Spells                   Type           Power      Damage    Failure   Level
 Blink                    Tloc           12%        N/A       100%        2
 Gell's Gravitas          Tloc           6%         N/A       100%        3
 Lesser Beckoning         Tloc           6%         N/A       100%        3
 Teleport Other           Tloc           6%         N/A       100%        3
 Manifold Assault         Tloc           6%         N/A       100%        5

Inventory:

Hand Weapons
 f - a +0 mace
 Y - a +0 hand axe (weapon)
Armour
 h - a +0 chain mail (worn)
Jewellery
 b - a ring of see invisible
 g - a ring of poison resistance (left hand)
Scrolls
 a - a scroll of identify
Potions
 c - a potion of flight {unknown}
 d - a potion of invisibility {unknown}
 e - a potion of cancellation {unknown}
 k - a potion of curing {unknown}

Dungeon Overview and Level Annotations

Branches:
Dungeon (4/15)
 Temple: D:4-7

Altars:
Dithmenos

Annotations:
D:4 Grinder


Message History

Grinder shouts!
3184 ||| Stepping ~*~*~tactically~*~*~ (hiding).
You start waiting.
Grinder is nearby!
You hit Grinder but do no damage. You claw Grinder.
Grinder is lightly wounded.
Grinder gestures at you.
You suddenly lose the ability to move!
Grinder zaps a wand.
The puff of flame hits you. Grinder hits you but does no damage.
Grinder zaps a wand.
The puff of flame hits you.
You can move again.
You barely miss Grinder. You claw Grinder.
Grinder is lightly wounded.
Grinder hits you.
You hit Grinder but do no damage. Your kick misses Grinder.
Grinder is lightly wounded.
Grinder barely misses you.
You barely miss Grinder. Your kick misses Grinder.
Grinder is lightly wounded.
Grinder hits you.
You writhe in agony.
You barely miss Grinder.
Grinder is lightly wounded.
Grinder gestures at you. Pain shoots through your body!
You barely miss Grinder. You claw Grinder. You peck Grinder.
Grinder is moderately wounded.
Grinder grins, showing sharp teeth.
Grinder hits you.
You writhe in agony.
You hit Grinder but do no damage. Your kick misses Grinder.
Your peck misses Grinder.
Grinder is moderately wounded.
Grinder zaps a wand.
The puff of flame hits you.
You closely miss Grinder. You claw Grinder!
Grinder is heavily wounded.
Grinder hits you but does no damage.
You closely miss Grinder.
Grinder is heavily wounded.
Grinder hits you.
You die...

#######
#######..@5.#
#....##..#.......
#.#.....###......
#.#.##..###..##.#
##.#.###..#..## #
#..#..##.....##.
#...............
#...##.........#
#..####..._...##


You could see Grinder.

Vanquished Creatures
  Ijyb (D:3)
  5 adders
  A worm (D:2)
  A dart slug (D:3)
  8 ball pythons
  6 endoplasms
  2 giant cockroaches
  6 goblins
  5 hobgoblins
  4 jackals (D:2)
  7 kobolds
  A quokka (D:3)
  5 bats
  2 frilled lizards
  2 rats (D:3)
56 creatures vanquished.

Notes
Turn   | Place    | Note
-------+----------+-------------------------------------------
     0 | D:1      | qw the Tengu Warper began the quest for the Orb.
     0 | D:1      | Reached XP level 1. HP: 12/12 MP: 4/4
     0 | D:1      | 0 ||| qw: Version: 0.1-a-89-g26bdef1
     0 | D:1      | 0 ||| qw: Game counter: 2334
     0 | D:1      | 0 ||| qw: Always use a shield: true
     0 | D:1      | 0 ||| qw: God list: Okawaru
     0 | D:1      | 0 ||| qw: Allow faded altars: false
     0 | D:1      | 0 ||| qw: Do Orc after D:15 true
     0 | D:1      | 0 ||| qw: Do second Lair branch before Depths: true
     0 | D:1      | 0 ||| qw: Lair rune preference: random
     0 | D:1      | 0 ||| qw: Plans: Normal
     0 | D:1      | 0 ||| PLANNING D:1-11
   163 | D:1      | 163 ||| Stepping ~*~*~tactically~*~*~ (stealth).
   168 | D:1      | Reached XP level 2. HP: 17/17 MP: 6/6
   179 | D:1      | Reached skill level 3 in Axes
   228 | D:1      | 228 ||| Stepping ~*~*~tactically~*~*~ (stealth).
   929 | D:1      | 929 ||| Stepping ~*~*~tactically~*~*~ (stealth).
   935 | D:1      | Reached XP level 3. HP: 20/21 MP: 7/7
  1092 | D:1      | Found a faded altar of an unknown god.
  1127 | D:1      | 1127 ||| UPGRADING to +0 ring mail.
  1137 | D:1      | 1137 ||| DROPPING +0 leather armour.
  1138 | D:1      | 1138 ||| UPGRADING to +0 chain mail.
  1148 | D:1      | 1148 ||| DROPPING +0 ring mail.
  1149 | D:1      | 1149 ||| READING 2 scrolls labelled XIJYSO LI QAOSS.
  1150 | D:1      | 1150 ||| READING scroll labelled SIS XUKUKE.
  1153 | D:1      | 1153 ||| DROPPING scroll of blinking.
  1176 | D:2      | Reached skill level 4 in Axes
  1498 | D:2      | 1498 ||| Stepping ~*~*~tactically~*~*~ (stealth).
  1516 | D:2      | Reached XP level 4. HP: 19/26 MP: 8/8
  1592 | D:2      | 1592 ||| FLEEEEING.
  1593 | D:2      | 1593 ||| FLEEEEING.
  1594 | D:2      | 1594 ||| FLEEEEING.
  1630 | D:2      | 1630 ||| Stepping ~*~*~tactically~*~*~ (stealth).
  1633 | D:2      | 1633 ||| Stepping ~*~*~tactically~*~*~ (stealth).
  1896 | D:2      | 1896 ||| UPGRADING to ring of poison resistance.
  1897 | D:2      | 1897 ||| READING scroll labelled SET DIZECO JAMN.
  2036 | D:2      | 2036 ||| READING scroll labelled CYPRUBBANN.
  2120 | D:3      | Reached skill level 5 in Axes
  2212 | D:3      | 2212 ||| Stepping ~*~*~tactically~*~*~ (hiding).
  2618 | D:3      | 2618 ||| FLEEEEING.
  2655 | D:3      | Noticed Ijyb
  2671 | D:3      | Killed Ijyb
  2672 | D:3      | Gained mutation: Your magical nature lets you fly swiftly
                  | and evasively. [Tengu growth]
  2672 | D:3      | Reached XP level 5. HP: 17/30 MP: 9/9
  2690 | D:3      | 2690 ||| FLEEEEING.
  2706 | D:3      | 2706 ||| FLEEEEING.
  2707 | D:3      | 2707 ||| FLEEEEING.
  2708 | D:3      | 2708 ||| FLEEEEING.
  2709 | D:3      | 2709 ||| FLEEEEING.
  2710 | D:3      | 2710 ||| FLEEEEING.
  2711 | D:3      | 2711 ||| FLEEEEING.
  2713 | D:3      | 2713 ||| FLEEEEING.
  2714 | D:3      | 2714 ||| FLEEEEING.
  2715 | D:3      | 2715 ||| FLEEEEING.
  2717 | D:3      | 2717 ||| FLEEEEING.
  2718 | D:3      | 2718 ||| FLEEEEING.
  2723 | D:3      | 2723 ||| FLEEEEING.
  2724 | D:3      | 2724 ||| FLEEEEING.
  2725 | D:3      | 2725 ||| FLEEEEING.
  2729 | D:3      | 2729 ||| FLEEEEING.
  2730 | D:3      | 2730 ||| FLEEEEING.
  2731 | D:3      | 2731 ||| FLEEEEING.
  2732 | D:3      | 2732 ||| FLEEEEING.
  2733 | D:3      | 2733 ||| FLEEEEING.
  2734 | D:3      | 2734 ||| FLEEEEING.
  2735 | D:3      | 2735 ||| FLEEEEING.
  2749 | D:3      | 2749 ||| FLEEEEING.
  2752 | D:3      | 2752 ||| FLEEEEING.
  2756 | D:3      | 2756 ||| FLEEEEING.
  2757 | D:3      | 2757 ||| FLEEEEING.
  2761 | D:3      | 2761 ||| FLEEEEING.
  2762 | D:3      | 2762 ||| FLEEEEING.
  2763 | D:3      | 2763 ||| FLEEEEING.
  2764 | D:3      | 2764 ||| FLEEEEING.
  2765 | D:3      | 2765 ||| FLEEEEING.
  2766 | D:3      | 2766 ||| FLEEEEING.
  2767 | D:3      | 2767 ||| FLEEEEING.
  2781 | D:3      | 2781 ||| FLEEEEING.
  2783 | D:3      | 2783 ||| FLEEEEING.
  2784 | D:3      | 2784 ||| FLEEEEING.
  2785 | D:3      | 2785 ||| FLEEEEING.
  2786 | D:3      | 2786 ||| FLEEEEING.
  2787 | D:3      | 2787 ||| FLEEEEING.
  2790 | D:3      | 2790 ||| FLEEEEING.
  2791 | D:3      | 2791 ||| STAIRDANCE
  2816 | D:2      | 2816 ||| READING 3 scrolls labelled ELEKOT MIOMPU XITH.
  2817 | D:2      | 2817 ||| READING scroll labelled QEKHEET QUIKO.
  2818 | D:2      | 2818 ||| DRINKING 2 glowing pink potions.
  2819 | D:2      | 2819 ||| DROPPING 2 scrolls of noise.
  2820 | D:2      | 2820 ||| DROPPING potion of degeneration.
  2826 | D:3      | 2826 ||| STAIRDANCE
  3105 | D:3      | Found the +18 Lear's hauberk
  3114 | D:3      | 3114 ||| READING scroll labelled WIUM LYERADU.
  3155 | D:4      | Found a shadowy altar of Dithmenos.
  3183 | D:4      | Noticed Grinder
  3184 | D:4      | 3184 ||| Stepping ~*~*~tactically~*~*~ (hiding).
  3188 | D:4      | Paralysed by Grinder for 4 turns
  3195 | D:4      | HP: 6/30 [Grinder/nerve-wracking pain (4)]
  3196 | D:4      | HP: 2/30 [Grinder (2)]
  3199 | D:4      | Slain by Grinder

Levels and vault maps discovered:
D:1:      minmay_arrival_widening_spiral_wide, layout_basic,
          dilly_ecumenical_altar_fadedgnrine
D:2:      layout_rooms, skrybe_limestone_x
D:3:      layout_basic, uniq_ijyb
D:4:      black_bear_nest_1, layout_rooms,
          mainiacjoe_overflow_concentric_impassable,
          nicolae_dithmenos_shadow_blocks, uniq_grinder

Skill      XL: |  1  2  3  4 |
---------------+-------------+-----
Axes           | 3 4 5 |  5.7
Fighting       | |  2.0
Throwing       | |  1.0
Armour         | |  1.1
Dodging        | |  2.1
Spellcasting   | |  2.0
Translocations | |  2.4

Action                   |  1- 3 |  4- 6 || total
-------------------------+-------+-------++-------
Melee: Hand axe          |    90 |    69 ||   159
       Kick              |    24 |    18 ||    42
       Peck              |     9 |    12 ||    21
       Punch             |       |     1 ||     1
Throw: Boomerang         |     7 |       ||     7
  Use: Scroll            |     2 |     5 ||     7
       Potion            |       |     1 ||     1
Armor: Leather armour    |     5 |       ||     5
       Chain mail        |    25 |    31 ||    56
Dodge: Dodged            |    31 |    19 ||    50

Table legend:
 A = Non-vault XP
 B = Vault XP
 C = Vault XP percentage of total XP
 D = Non-vault monster count
 E = Vault monster count
 F = Vault count percentage of total count
                 A         B        C        D         E       F
            +---------+---------+-------+---------+---------+-------
      Total |     156 |      36 |  18.8 |      55 |       1 |   1.8
            +---------+---------+-------+---------+---------+-------
        D:1 |      36 |       0 |   0.0 |      21 |       0 |   0.0
        D:2 |      64 |       0 |   0.0 |      15 |       0 |   0.0
        D:3 |      56 |      36 |  39.1 |      19 |       1 |   5.0
            +---------+---------+-------+---------+---------+-------
